 Dungeon Crawl Stone Soup version 0.23.0 (webtiles) character file.

Game seed: 16439610174600143436

60977 Kairos the Severer (level 15, -12/79 HPs)
             Began as a Vine Stalker Fighter on Feb 10, 2019.
             Was the Champion of Okawaru.
             Hit by a javelin of penetration thrown by a merfolk javelineer (14 damage)
             ... on level 2 of the Shoals.
             The game lasted 00:58:48 (18391 turns).

Kairos the Severer (Vine Stalker Fighter)          Turns: 18391, Time: 00:58:50

Health: -12/79     AC: 21    Str: 28    XL:     15   Next: 1%
Magic:  0/17       EV: 15    Int:  9    God:    Okawaru [******]
Gold:   908        SH: 22    Dex: 15    Spells: 14/14 levels left

rFire    . . .     SeeInvis +   V - +3 broad axe (vamp)
rCold    + + .     Gourm    .   w - +0 large shield
rNeg     + . .     Faith    +   L - +4 scale mail {rC+}
rPois    .         Spirit   +   c - +1 hat {MR+}
rElec    .         Reflect  .   j - +2 cloak {rC+}
rCorr    .         Harm     .   T - +2 pair of gloves {archery}
MR       ++...                  (no boots)
Stlth    ++........             E - amulet of faith
HPRegen  1.03/turn              i - ring of see invisible
MPRegen  0.15/turn              k - ring of positive energy

@: mighty, heroism, finesse, engulfed (cannot breathe), mesmerised
A: fangs 3, regeneration 2, magic shield, antimagic bite, no potion heal 3, rot
immunity
a: Heroism, Finesse, Renounce Religion


You were on level 2 of the Shoals.
You worshipped Okawaru.
Okawaru was exalted by your worship.
You were not hungry.

You visited 5 branches of the dungeon, and saw 19 of its levels.
You also visited: Sewer, Ossuary and Ice Cave.

You collected 1088 gold pieces.
You spent 180 gold pieces at shops.

Inventory:

Hand Weapons
 o - a +2 hand axe of chopping
 y - a +1 morningstar of protection
 J - a +2 flail of holy wrath
 N - a +0 demon trident of flaming
 V - a +3 vampiric broad axe (weapon)
Armour
 a - a scarf of resistance
 c - a +1 hat of magic resistance (worn)
 j - a +2 cloak of cold resistance (worn)
 w - a +0 large shield (worn)
 K - +0 acid dragon scales
 L - a +4 scale mail of cold resistance (worn)
 T - a +2 pair of gloves of archery (worn)
Jewellery
 i - a ring of see invisible (left hand)
 k - a ring of positive energy (right hand)
 z - an uncursed amulet of regeneration
 B - a +4 ring of intelligence
 E - an amulet of faith (around neck)
 H - an uncursed ring of flight
 O - an uncursed ring of positive energy
 S - an uncursed ring of resist corrosion
Wands
 v - a wand of flame (12)
 A - a wand of paralysis (7)
 M - a wand of scattershot (6)
 P - a wand of polymorph (8)
 R - a wand of iceblast (13)
 U - a wand of enslavement (18)
 W - a wand of acid (8)
 X - a wand of random effects (14)
Scrolls
 b - a scroll of enchant armour
 g - 10 scrolls of remove curse
 l - 5 scrolls of blinking
 p - 5 scrolls of teleportation
 q - 4 scrolls of amnesia
 t - 7 scrolls of magic mapping
 u - 3 scrolls of fear
 G - 9 scrolls of fog
Potions
 d - 3 potions of might
 e - 3 potions of magic
 h - 3 potions of flight
 m - 5 potions of agility
 n - 4 potions of ambrosia
 s - 6 potions of lignification
 x - 6 potions of curing
 C - a potion of invisibility {unknown}
 D - 4 potions of brilliance {unknown}
 F - 9 potions of haste {unknown}
 I - 3 potions of mutation {unknown}
Miscellaneous
 Q - a box of beasts
Comestibles
 f - 23 rations
 r - a chunk of flesh


   Skills:
 + Level 9.5(14.5) Fighting
 * Level 15.6(20.7) Axes
 + Level 1.5(15.6) Maces & Flails
 + Level 8.5(13.5) Armour
 + Level 5.2(10.2) Dodging
 + Level 2.5(7.5) Stealth
 + Level 10.8(15.8) Shields
 + Level 1.8 Invocations
 + Level 0.6 Evocations


You had 14 spell levels left.
You didn't know any spells.
Your spell library contained the following spells:

 Spells                   Type           Power        Failure   Level  Hunger
 Animate Skeleton         Necr           N/A          93%         1    ##.....
 Apportation              Tloc           #.....       93%         1    ##.....
 Confusing Touch          Hex            #.....       93%         1    ##.....
 Freeze                   Ice            #...         93%         1    ##.....
 Magic Dart               Conj           #...         93%         1    ##.....
 Sting                    Conj/Pois      #...         93%         1    ##.....
 Summon Small Mammal      Summ           #...         93%         1    ##.....
 Blink                    Tloc           N/A          98%         2    ###....
 Call Imp                 Summ           #.......     98%         2    ###....
 Poisonous Vapours        Pois/Air       #.....       98%         2    ###....
 Slow                     Hex            #.......     98%         2    ###....
 Sublimation of Blood     Necr           #.........   98%         2    ###....
 Throw Frost              Conj/Ice       #.....       98%         2    ###....
 Conjure Flame            Conj/Fire      #.......     100%        3    ####...
 Ignite Poison            Fire/Tmut/Pois #.......     100%        3    ####...
 Mephitic Cloud           Conj/Pois/Air  #.......     100%        3    ####...
 Ozocubu's Armour         Chrm/Ice       #.......     100%        3    ####...
 Olgreb's Toxic Radiance  Pois           #.......     100%        4    #####..
 Petrify                  Tmut/Erth      #.......     100%        4    #####..
 Summon Ice Beast         Ice/Summ       #.......     100%        4    #####..
 Throw Icicle             Conj/Ice       #.......     100%        4    #####..
 Alistair's Intoxication  Tmut/Pois      #.......     100%        5    ######.
 Irradiate                Conj/Tmut      #.........   100%        5    ######.
 Venom Bolt               Conj/Pois      #.........   100%        5    ######.


Dungeon Overview and Level Annotations

Branches:
Dungeon (9/15)             Temple (1/1) D:6            Lair (6/6) D:9
 Shoals (2/4) Lair:4       Spider (1/4) Lair:3        Slime (0/5) Lair:6
    Orc (0/2) D:9

Altars:
Ashenzari
Cheibriados
Dithmenos
Elyvilon
Fedhas
Hepliaklqana
Kikubaaqudgha
Makhleb
Okawaru
Ru
Sif Muna
Trog
Uskayaw
Vehumet
Wu Jian
Yredelemnul
Jiyva

Shops:
D:8 *

Annotations:
Lair:4 exclusion: 2 oklob plants
Shoals:2 Ilsuiw


Innate Abilities, Weirdness & Mutations

You have razor-sharp teeth.
You heal very quickly.
When hurt, damage is shared between your health and your magic reserves.
Your bite disrupts and absorbs the magic of your enemies.
Potions cannot restore your health.
You are immune to rotting.


Message History

You closely miss the water elemental. You closely miss the merfolk impaler.
* * * LOW HITPOINT WARNING * * *
Your lungs strain for air!
The merfolk javelineer throws a javelin of penetration.
The javelin of penetration pierces through Ilsuiw!
The javelin of penetration pierces through you!
* * * LOW HITPOINT WARNING * * *
You feel very mighty all of a sudden.
* * * LOW HITPOINT WARNING * * *
Your lungs strain for air!
The merfolk siren chants a haunting song.
You resist with almost no effort. You block the water elemental's attack.
The merfolk impaler hits you but does no damage.
You block the merfolk's attack. Ilsuiw hits you but does no damage.
The merfolk siren chants its luring song.
You block the merfolk impaler's attack.
The merfolk javelineer throws a javelin of penetration.
The javelin of penetration pierces through Ilsuiw.
The javelin of penetration pierces through you!
You die...

......≈≈...>..≈≈≈≈≈≈≈≈≈.........≈
.....≈≈.......≈≈≈≈≈≈≈...........≈
.....≈≈......≈≈≈≈≈≈≈≈##.....m.<≈≈
.<...≈≈≈....≈≈≈≈.≈≈≈≈###.......≈≈
.....≈≈≈...≈(≈≈..≈≈≈≈....##...m≈≈
......≈≈.....[(<≈≈≈≈≈≈≈≈# ##.....
.............##..≈≈≈≈≈≈≈###...≈≈≈
.............###..≈≈≈≈.≈...≈≈≈≈≈.
.##..........##.@.m≈m......≈≈≈≈..
###..[##....^.(Emm..≈≈.≈≈...≈....
.##..##.....#.......m≈≈≈≈....
[.#.......####.......≈≈≈≈....
...>≈≈≈.### ##.....m.≈≈≈≈....
≈≈≈≈....# ###.......≈≈≈≈≈....
≈≈...######..)÷###.≈≈≈≈≈≈..≈≈
≈≈.####.....≈≈..##.##.≈......
..## ##...≈≈≈≈..#.##≈.(.≈≈.


You could see Ilsuiw (invisible), a merfolk impaler, a merfolk javelineer, a
merfolk, a water elemental and 2 merfolk sirens.

Vanquished Creatures
  Frances (Shoals:2)
  3 merfolk impalers (Shoals:1)
  A fire dragon (Lair:6)
  Harold (D:8)
  3 hydras
  An alligator snapping turtle (Shoals:2)
  3 death yaks
  4 sea snakes
  A swamp dragon (Lair:6)
  Pikel (D:7)
  3 harpies (Shoals:1)
  4 manticores (Shoals:2)
  8 cyclopes
  8 elephants
  5 fauns
  4 black mambas
  2 water nymphs (Shoals:2)
  2 ice statues (IceCv)
  A merfolk siren (Shoals:2)
  5 spiny frogs
  Joseph (D:8)
  A demonic crawler (Spider:1)
  10 komodo dragons
  2 rime drakes (Lair:6)
  7 ice devils (IceCv)
  2 trolls (D:9)
  3 polar bears
  8 merfolk
  A wind drake (Shoals:2)
  8 jumping spiders
  19 blink frogs
  9 hippogriffs
  A spriggan (Lair:3)
  15 redbacks
  A human (D:7)
  3 tarantellas (Spider:1)
  4 basilisks
  23 yaks
  4 hogs (D:7)
  2 steam dragons
  2 hungry ghosts
  Edmund (D:6)
  4 acid dragons (Lair:6)
  5 water moccasins
  A sky beast (D:9)
  3 ice beasts
  9 porcupines
  A swamp drake (Lair:6)
  2 orc warriors
  A necrophage (D:6)
  2 phantoms (D:4)
  3 black bears
  4 ogres
  11 centaurs
  23 wolves
  10 crocodiles
  Blork the orc (D:4)
  12 bullfrogs
  2 water moccasin zombies (Ossuary)
  A water moccasin skeleton (D:3)
  A scorpion (D:3)
  4 killer bees (D:9)
  3 howler monkeys (D:9)
  2 electric eels (Lair:4)
  4 bullfrog zombies
  3 centaur zombies (Ossuary)
  7 hounds
  2 jellies
  7 orc wizards
  5 orc priests
  Crazy Yiuf (D:6)
  4 iguanas
  5 hell rats (Lair:3)
  A statue (D:7)
  4 worker ants
  A hound zombie (Ossuary)
  A hound skeleton (D:6)
  9 mummies (Ossuary)
  A howler monkey zombie (Ossuary)
  4 worker ant zombies (Ossuary)
  3 gnolls (D:2)
  12 adders
  3 river rats
  4 shadow imps
  20 white imps
  10 ufetubi (IceCv)
  2 oozes
  5 adder zombies (Ossuary)
  2 adder skeletons
  5 worms
  A dart slug (D:2)
  9 leopard geckos
  25 orcs
  5 giant cockroaches
  6 goblins
  13 hobgoblins
  30 jackals
  A quokka (D:2)
  10 ball pythons
  8 bats
  11 frilled lizards
  8 kobolds
  A leopard gecko skeleton (D:5)
  A leopard gecko zombie (Ossuary)
  39 rats
  A bush (D:3)
  A butterfly (Lair:2)
  2 fungi
  13 plants
603 creatures vanquished.

Vanquished Creatures (others)
  A reaper (IceCv)
  A sky beast (D:7)
  3 white imps (IceCv)
  3 ufetubi (IceCv)
  14 fungi
  13 plants
  8 tentacles (Shoals:1)
43 creatures vanquished.

Grand Total: 646 creatures vanquished

Notes
Turn   | Place    | Note
-------+----------+-------------------------------------------
     0 | D:1      | Kairos the Vine Stalker Fighter began the quest for the
                  | Orb.
     0 | D:1      | Reached XP level 1. HP: 11/11 MP: 2/2
    66 | D:1      | Reached XP level 2. HP: 10/16 MP: 0/3
   344 | D:1      | Reached skill level 2 in Axes
   640 | D:1      | Reached XP level 3. HP: 20/20 MP: 4/4
  1129 | D:2      | You fall through a shaft!
  1329 | D:2      | Gained mutation: Your natural rate of healing is unusually
                  | fast. [Vine Stalker growth]
  1329 | D:2      | Reached XP level 4. HP: 16/24 MP: 3/5
  1401 | D:2      | Reached skill level 3 in Axes
  1565 | D:2      | Reached XP level 5. HP: 28/28 MP: 6/6
  2028 | D:3      | Noticed an orc warrior
  2194 | D:3      | Reached XP level 6. HP: 31/32 MP: 5/7
  2631 | D:3      | Reached skill level 4 in Axes
  2668 | D:3      | Killed an orc warrior
  3183 | D:4      | Noticed a phantom
  3224 | D:4      | Noticed Blork the orc
  3224 | D:4      | Noticed a phantom
  3237 | D:3      | Reached XP level 7. HP: 36/36 MP: 8/8
  3254 | D:4      | Killed Blork the orc
  3260 | D:4      | Reached skill level 5 in Axes
  3684 | D:4      | Reached skill level 1 in Dodging
  3816 | D:5      | Entered Level 5 of the Dungeon
  3897 | D:5      | Found a sand-covered staircase.
  3905 | Ossuary  | Entered an ossuary
  3921 | Ossuary  | Gained mutation: You have razor-sharp teeth. [Vine Stalker
                  | growth]
  3921 | Ossuary  | Reached XP level 8. HP: 42/42 MP: 9/9
  4038 | Ossuary  | Reached skill level 6 in Axes
  4222 | D:5      | Reached skill level 5 in Shields
  4291 | D:5      | Found a glowing drain.
  4298 | Sewer    | Entered a sewer
  4673 | Sewer    | Reached skill level 7 in Axes
  4673 | Sewer    | Reached XP level 9. HP: 46/46 MP: 8/10
  4912 | D:5      | Found an ancient bone altar of Kikubaaqudgha.
  4952 | D:5      | Found a white marble altar of Elyvilon.
  5121 | D:5      | Found a sacrificial altar of Ru.
  5138 | D:5      | Found a burning altar of Makhleb.
  5358 | D:6      | Noticed Edmund
  5370 | D:6      | Killed Edmund
  5419 | D:6      | Found a staircase to the Ecumenical Temple.
  5425 | Temple   | Entered the Ecumenical Temple
  5446 | Temple   | Became a worshipper of Warmaster Okawaru
  5945 | D:6      | Found a runed translucent door.
  5946 | D:6      | Noticed Crazy Yiuf
  6152 | D:6      | Killed Crazy Yiuf
  6304 | D:7      | Reached skill level 5 in Armour
  6369 | D:7      | Reached skill level 5 in Fighting
  6429 | D:7      | Noticed Pikel
  6439 | D:7      | Killed Pikel
  6439 | D:7      | Reached * piety under Okawaru
  6439 | D:7      | Reached skill level 8 in Axes
  6439 | D:7      | Reached skill level 1 in Stealth
  6469 | D:7      | Found a radiant altar of Vehumet.
  6684 | D:7      | Reached XP level 10. HP: 36/51 MP: 6/11
  6704 | D:7      | Reached skill level 9 in Axes
  6728 | D:7      | Reached ** piety under Okawaru
  6864 | D:8      | Found a shattered altar of Ashenzari.
  6880 | D:8      | Noticed Harold
  6917 | D:8      | Killed Harold
  7017 | D:8      | Noticed Joseph
  7292 | D:8      | Reached *** piety under Okawaru
  7441 | D:8      | Found Aninov's General Store.
  7449 | D:8      | Bought a scroll of enchant weapon for 75 gold pieces
  7482 | D:8      | Killed Joseph
  7665 | D:8      | Bought a potion of curing for 30 gold pieces
  7665 | D:8      | Bought a scroll of enchant armour for 75 gold pieces
  7766 | D:9      | Noticed a death yak
  7768 | D:9      | Found a staircase to the Lair.
  7769 | D:9      | Noticed a death yak
  7769 | D:9      | Noticed a death yak
  7794 | D:8      | Killed a death yak
  7794 | D:8      | Reached skill level 10 in Axes
  7794 | D:8      | Reached XP level 11. HP: 38/57 MP: 5/12
  7895 | D:9      | Killed a death yak
  7895 | D:9      | Reached **** piety under Okawaru
  7955 | D:9      | Killed a death yak
  8329 | D:9      | Found a staircase to the Orcish Mines.
  8394 | D:9      | Reached ***** piety under Okawaru
  8403 | D:9      | Found a blossoming altar of Fedhas.
  8425 | D:9      | Found a shadowy altar of Dithmenos.
  8778 | Lair:1   | Entered Level 1 of the Lair of Beasts
  9042 | Lair:1   | Reached skill level 11 in Axes
  9046 | Lair:1   | Received a gift from Okawaru
  9116 | Lair:1   | Noticed a five-headed hydra
  9139 | Lair:1   | Killed a five-headed hydra
  9186 | Lair:1   | Gained mutation: You heal very quickly. [Vine Stalker
                  | growth]
  9186 | Lair:1   | Reached XP level 12. HP: 63/63 MP: 13/13
  9206 | Lair:1   | HP: 2/63 [komodo dragon (12)]
  9415 | Lair:1   | Reached skill level 1 in Maces & Flails
  9415 | Lair:1   | Reached skill level 1 in Invocations
  9793 | Lair:2   | Noticed a four-headed hydra
  9886 | Lair:2   | Killed a four-headed hydra
  9971 | Lair:2   | Received a gift from Okawaru
 10052 | Lair:2   | Noticed a four-headed hydra
 10059 | Lair:2   | Killed a four-headed hydra
 10137 | Lair:2   | Got an ichor-stained ring mail
 10148 | Lair:2   | Identified the +1 ring mail of Tipsuf {*Slow rElec Dex+7}
                  | (You found it on level 2 of the Lair of Beasts)
 10201 | Lair:2   | Reached ****** piety under Okawaru
 10667 | Lair:2   | Received a gift from Okawaru
 11000 | Lair:3   | Reached skill level 12 in Axes
 11238 | Lair:3   | Reached XP level 13. HP: 68/68 MP: 14/14
 11283 | Lair:3   | Found a hole to the Spider Nest.
 12217 | Lair:4   | Found a staircase to the Shoals.
 13047 | Lair:5   | Found a frozen archway.
 13081 | IceCv    | Entered an ice cave
 13196 | IceCv    | Killed a reaper
 13275 | IceCv    | Reached skill level 13 in Axes
 14043 | IceCv    | Found the +5 robe of Misfortune {*Contam Harm *Corrode
                  | *Drain *Slow EV+5}
 14300 | Lair:5   | Found an ornate altar of the Wu Jian Council.
 15090 | Lair:6   | Entered Level 6 of the Lair of Beasts
 15146 | Lair:6   | Reached skill level 10 in Shields
 15289 | Lair:6   | Found a viscous altar of Jiyva.
 15292 | Lair:6   | Found a staircase to the Slime Pits.
 15348 | Lair:6   | Received a gift from Okawaru
 15359 | Lair:6   | Identified a scroll of acquirement
 15665 | Lair:6   | Reached skill level 14 in Axes
 15963 | Lair:6   | Noticed a fire dragon
 15997 | Lair:6   | Killed a fire dragon
 15997 | Lair:6   | Reached XP level 14. HP: 64/74 MP: 10/16
 16330 | Spider:1 | Entered Level 1 of the Spider Nest
 16722 | Shoals:1 | Entered Level 1 of the Shoals
 16961 | Lair:4   | Received a gift from Okawaru
 17111 | Shoals:1 | Reached skill level 15 in Axes
 17324 | Shoals:1 | Noticed a kraken
 17667 | Shoals:2 | Noticed Ilsuiw
 17821 | Shoals:2 | Reached skill level 5 in Dodging
 17842 | Shoals:2 | Noticed Frances
 17859 | Shoals:2 | Killed Frances
 17859 | Shoals:2 | Received a gift from Okawaru
 17859 | Shoals:2 | Received a gift from Okawaru
 18227 | Shoals:2 | Received a gift from Okawaru
 18239 | Shoals:2 | Reached XP level 15. HP: 79/79 MP: 14/17
 18391 | Shoals:2 | HP: 1/79 [drowned by a water elemental[Ilsuiw] (3)]
 18391 | Shoals:2 | Hit by a javelin of penetration thrown by a merfolk
                  | javelineer

Skill      XL: |  1  2  3  4  5  6  7  8  9 10 11 12 13 14 |
---------------+-------------------------------------------+-----
Axes           | 2 3 4 5 7 8 10 11 12 14 15 | 15.6
Fighting       | 3 4 5 6 7 8 9 |  9.5
Shields        | 3 4 5 6 8 9 10 | 10.8
Armour         | 3 4 5 6 7 8 |  8.5
Dodging        | 1 2 3 4 5 |  5.2
Stealth        | 1 2 |  2.5
Maces & Flails | 1 |  1.5
Invocations    | 1 |  1.8
Evocations     | |  0.6

Action                   |  1- 3 |  4- 6 |  7- 9 | 10-12 | 13-15 || total
-------------------------+-------+-------+-------+-------+-------++-------
Melee: War axe           |   107 |   205 |   400 |   543 |       ||  1255
       Bite              |    24 |    71 |   141 |   237 |   333 ||   806
       Morningstar       |       |       |       |    21 |       ||    21
       Broad axe         |       |       |       |    46 |   895 ||   941
Invok: Heroism           |       |       |       |    17 |    13 ||    30
       Finesse           |       |       |       |       |     1 ||     1
Evoke: Wand              |       |     3 |       |     3 |       ||     6
  Use: Scroll            |     5 |     2 |     8 |     5 |    10 ||    30
       Potion            |       |     1 |       |       |     6 ||     7
 Stab: Distracted        |       |       |       |       |     1 ||     1
       Confused          |       |       |       |       |     1 ||     1
  Eat: Chunk             |     2 |     5 |     3 |    14 |    10 ||    34
       Ration            |       |       |     3 |     3 |     4 ||    10
Armor: Scale mail        |    49 |    47 |   109 |   128 |   302 ||   635
Dodge: Dodged            |    33 |    50 |   104 |   156 |   233 ||   576
Block: Shield            |    80 |    81 |   195 |    41 |       ||   397
       Large shield      |       |       |       |   474 |   862 ||  1336
